 Dungeon Crawl Stone Soup version 0.20.1-1-g8b1a95d (webtiles) character file.

26705 kae the Martial Artist (level 13, -4/106 HPs)
             Began as a Demonspawn Gladiator on Sept 16, 2017.
             Was a Priest of Ru.
             Killed from afar by a salamander mystic (20 damage)
             ... with an orb of energy
             ... while paralysed
             ... in a volcano.
             The game lasted 00:32:58 (19816 turns).

kae the Martial Artist (Demonspawn Gladiator)      Turns: 19816, Time: 00:33:00

Health: -4/106     AC: 14    Str: 16    XL:     13   Next: 0%
Magic:  0/13       EV:  2    Int:  9    God:    Ru [***...]
Gold:   664        SH:  0    Dex: 19    Spells: 12/12 levels left

rFire    . . .     SeeInvis +     - Unarmed
rCold    . . .     Gourm    .   (no shield)
rNeg     . . .     Faith    .   a - +0 leather armour
rPois    +         Spirit   +   (helmet restricted)
rElec    .         Reflect  .   I - +1 cloak {rPois}
rCorr    .         Harm     .   z - +2 pair of gloves
MR       .....                  r - +2 pair of boots
Stlth    ..........             (no amulet)
Regen    0.3/turn               m - ring of poison resistance
MPRegen  0.3/turn               K - ring of see invisible

@: paralysed, berserk cooldown, slowed
A: antennae 2, icy blue scales 2, spiny 2, augmentation 2, magic shield, magic
regeneration, no stealth, hated by all, inability to train armour
a: Draw Out Power, Renounce Religion


You were in a volcano.
You worshipped Ru.
Ru was most pleased with you.
You were not hungry.

You visited 3 branches of the dungeon, and saw 15 of its levels.
You also visited: Ice Cave and Volcano.

You collected 851 gold pieces.
You spent 187 gold pieces at shops.

Inventory:

Missiles
 c - 6 throwing nets (quivered)
 e - 9 tomahawks of returning
Armour
 a - a +0 leather armour (worn)
 r - a +2 pair of boots (worn)
 z - a +2 pair of gloves (worn)
 D - the scarf of the Secret Cities {+Fly}
   (You found it on level 9 of the Dungeon)

   It lets you fly.
 I - a +1 cloak of poison resistance (worn)
Jewellery
 m - a ring of poison resistance (left hand)
 E - a +5 ring of intelligence
 K - a ring of see invisible (right hand)
Wands
 b - a wand of polymorph (12/24)
 t - a wand of polymorph (14/24)
 C - a wand of lightning (3/15)
 G - a wand of acid (0/15)
 L - a wand of random effects (15/48)
 N - a wand of iceblast (0/15)
 R - a wand of random effects (0/48)
 V - a wand of confusion (12/48)
 W - a wand of digging (13/24)
Scrolls
 f - 3 scrolls of identify
 h - 3 scrolls of immolation
 n - 2 scrolls of amnesia
 o - 2 scrolls of fear
 p - 7 scrolls of remove curse
 s - 2 scrolls of enchant weapon
 y - 3 scrolls of teleportation
 F - 4 scrolls of recharging
 S - 3 scrolls of enchant armour
 U - a scroll of blinking
 X - a scroll of fog
Potions
 g - 3 potions of brilliance
 i - 6 potions of curing
 j - 4 potions of ambrosia
 k - a potion of cancellation
 q - 2 potions of mutation
 w - 3 potions of heal wounds
 A - a potion of magic
 B - a potion of haste
 Q - 2 potions of might
Books
 u - a book of Air

   Spells                             Type                      Level
   a - Shock                          Conjuration/Air              1
   b - Swiftness                      Charms/Air                   2
   c - Static Discharge               Conjuration/Air              3
   d - Airstrike                      Air                          4
   e - Lightning Bolt                 Conjuration/Air              5
 v - a book of Geomancy

   Spells                             Type                      Level
   a - Sandblast                      Earth                        1
   b - Passwall                       Transmutation/Earth          2
   c - Stone Arrow                    Conjuration/Earth            3
   d - Petrify                        Transmutation/Earth          4
   e - Lee's Rapid Deconstruction     Earth                        5
 H - a book of Necromancy

   Spells                             Type                      Level
   a - Pain                           Necromancy                   1
   b - Animate Skeleton               Necromancy                   1
   c - Vampiric Draining              Necromancy                   3
   d - Regeneration                   Charms/Necromancy            3
   e - Animate Dead                   Necromancy                   4
   f - Control Undead                 Necromancy                   4
 O - a book of Callings

   Spells                             Type                      Level
   a - Summon Small Mammal            Summoning                    1
   b - Call Imp                       Summoning                    2
   c - Call Canine Familiar           Summoning                    3
   d - Summon Guardian Golem          Hexes/Summoning              3
   e - Summon Lightning Spire         Summoning/Air                4
   f - Summon Ice Beast               Ice/Summoning                4
 P - a book of Misfortune

   Spells                             Type                      Level
   a - Confusing Touch                Hexes                        1
   b - Confuse                        Hexes                        3
   c - Gell's Gravitas                Translocation                3
   d - Petrify                        Transmutation/Earth          4
   e - Metabolic Englaciation         Hexes/Ice                    5
   f - Yara's Violent Unravelling     Hexes/Transmutation          5
Comestibles
 d - 7 bread rations
 l - 13 royal jellies
 x - 3 meat rations
 J - 15 fruits


   Skills:
 + Level 11.1 Fighting
 + Level 10.4 Throwing
 - Level 2.6 Dodging
 * Level 14.2 Unarmed Combat


You had 12 spell levels left.
You didn't know any spells.

Dungeon Overview and Level Annotations

Branches:
Dungeon (12/15)            Temple (1/1) D:4            Lair (2/6) D:11
  Snake (0/4) Lair:2          Orc (0/2) D:9
  Swamp: Lair:2-4    Shoals: Lair:2-4

Altars:
Ashenzari
Cheibriados
Dithmenos
Elyvilon
Fedhas
Gozag
Hepliaklqana
Kikubaaqudgha
Makhleb
Nemelex Xobeh
Okawaru
Qazlal
Ru
Sif Muna
Trog
Uskayaw
Vehumet
Xom
Yredelemnul
Zin
The Shining One
Lugonu

Shops:
D:5 %   D:6 *   D:7 *=   D:11 [


Innate Abilities, Weirdness & Mutations

You have a pair of antennae on your head.
You are mostly covered in icy blue scales. (AC +3)
You are mostly covered in sharp spines.
Your magical and physical power is enhanced at high health.
When hurt, damage is shared between your health and your magic reserves.
You regenerate magic rapidly.
You cannot be stealthy.
You are hated by all.
You cannot train Armour skill.


Message History

You punch the salamander!
You kill the salamander!
You have reached level 13!
Your demonic ancestry asserts itself...
You feel your magic shroud grow more resilient.
You are no longer berserk.
You pass out from exhaustion.
You feel yourself slow down.
The salamander mystic hits you but does no damage.
The salamander mystic is struck by your spines.
The salamander mystic hits you with a dagger.
You are engulfed in flames!
You focus your will and blind the salamander mystic in retribution!
The salamander mystic points at you and mumbles some strange words.
Helpless, you fail to dodge the orb of energy.
* * * LOW HITPOINT WARNING * * *
The orb of energy explodes!
The salamander mystic points at you and mumbles some strange words.
The orb of energy hits you!
You die...

≈≈≈≈≈§≈§.........§.......§§§≈≈≈§≈
§≈§§§≈≈.########+########§§§≈≈≈≈≈
≈§§≈≈≈≈.# #.# #.§§§§§§§ §§§§§≈≈.#
{ #.# { #.§≈§≈≈§§ §§≈≈≈≈≈.# #.#
#.≈≈§≈≈≈§ ≈§≈≈≈≈≈.# #.# #.≈≈≈§§§§
≈§≈≈≈§§.######.#.#.######.≈§≈§≈§§
≈§≈§§§≈.#......#.#......#.≈≈≈§≈≈§
≈§§§§§§.###++###@###++###.≈≈≈§§≈≈
§§≈§≈§§.# #.N)).# #.≈§≈§§≈≈
≈§≈≈§≈≈.# { #.8_8.# { #.≈§§§§§≈
≈≈§§§≈≈.# +.....+ #.§§§≈§§≈
§§§§§§≈§#################.§§§§≈§≈
§§§§§§§§§.§...............≈≈§§≈≈≈
§§≈§§§§§§≈§≈≈≈≈≈≈≈≈≈≈§≈≈§≈≈≈≈§≈≈§
§≈§≈≈≈≈§≈≈≈≈≈≈≈≈≈≈≈§≈§§§≈§≈≈§§≈≈≈
§§§§≈≈≈≈≈≈≈§≈≈§≈≈≈≈≈≈§≈≈§§≈≈≈§≈≈≈


You could see a salamander mystic (blind).

Vanquished Creatures
  2 hydras
  Erica (Lair:2)
  The ghost of Chisa the Slicer, a journeyman HaAs of Okawaru (D:11)
  A two-headed ogre (D:11)
  4 skeletal warriors
  2 unseen horrors
  A lindwurm (Lair:2)
  A manticore (D:11)
  2 cyclopes (D:11)
  The ghost of Chisa the Cutter, a novice HaAs (D:6)
  2 ugly things (IceCv)
  3 salamanders (Volcano)
  Maurice (D:9)
  A guardian serpent (Lair:2)
  3 ice statues (IceCv)
  A spiny frog (Lair:2)
  A yaktaur (D:12)
  3 komodo dragons
  2 trolls
  Prince Ribbit (Lair:1)
  3 blink frogs (Lair:1)
  4 hippogriffs
  A slime creature (D:12)
  5 yaks (Lair:2)
  A shadow (D:10)
  A wraith (D:12)
  2 fire bats (Volcano)
  Eustachio (D:5)
  Grum (D:11)
  2 vampire mosquitoes (D:12)
  Menkaure (D:4)
  A water moccasin (D:7)
  Duvessa (D:6)
  An acid dragon (D:11)
  4 porcupines
  8 ice beasts
  9 orc warriors
  4 sky beasts
  A hornet zombie (D:12)
  3 black bears
  4 wolves (D:11)
  A phantom (D:11)
  A necrophage (D:11)
  2 ogres
  4 centaurs
  2 crocodiles
  A big kobold (D:11)
  Blork the orc (D:5)
  13 bullfrogs
  Dowan (D:6)
  A wyvern skeleton (D:8)
  A water moccasin skeleton (D:8)
  5 scorpions
  21 killer bees
  9 wights
  A bullfrog zombie (D:5)
  3 crimson imps
  5 lava snakes (Volcano)
  7 hounds
  6 jellies
  14 orc priests
  2 centaur skeletons
  3 bullfrog skeletons
  5 iguanas
  15 orc wizards
  6 worker ants
  A killer bee zombie (D:7)
  2 hound skeletons
  2 worker ant zombies
  4 gnolls (D:3)
  2 howler monkey zombies
  14 adders
  7 shadow imps
  6 oozes
  3 adder skeletons
  2 adder zombies
  3 worms
  6 leopard geckos
  83 orcs
  6 giant cockroaches
  8 hobgoblins
  7 jackals
  6 quokkas
  A ball python (D:4)
  6 bats
  7 frilled lizards
  9 goblins
  A jackal zombie (D:5)
  10 kobolds
  3 quokka skeletons
  7 rats
  2 fungi (D:11)
430 creatures vanquished.

Vanquished Creatures (others)
  A hydra (D:11)
  An orc (D:11)
  20 fungi (D:11)
  3 plants (D:11)
25 creatures vanquished.

Grand Total: 455 creatures vanquished

Notes
Turn   | Place    | Note
-------+----------+-------------------------------------------
     0 | D:1      | kae the Demonspawn Gladiator began the quest for the Orb.
     0 | D:1      | Reached XP level 1. HP: 16/16 MP: 1/1
   233 | D:1      | Gained mutation: You have a pair of small antennae on your head. [demonic ancestry]
   233 | D:1      | Reached XP level 2. HP: 18/22 MP: 2/2
   314 | D:1      | Reached skill level 3 in Unarmed Combat
   629 | D:2      | Found a bloodstained altar of Trog.
   629 | D:2      | Found a radiant altar of Vehumet.
   664 | D:2      | Reached XP level 3. HP: 25/28 MP: 3/3
   869 | D:2      | HP: 2/42 [poisoned by an adder]
  1179 | D:2      | Found a shadowy altar of Dithmenos.
  1649 | D:2      | Found a sacrificial altar of Ru.
  1665 | D:2      | Gained mutation: You are partially covered in sharp spines. [demonic ancestry]
  1665 | D:2      | Reached XP level 4. HP: 34/34 MP: 4/4
  2480 | D:3      | Reached skill level 4 in Unarmed Combat
  2828 | D:3      | Gained mutation: You are partially covered in icy blue scales. (AC +2) [demonic ancestry]
  2828 | D:3      | Reached XP level 5. HP: 34/41 MP: 5/5
  3123 | D:3      | Reached XP level 6. HP: 29/47 MP: 6/6
  3470 | D:3      | Found a basalt altar of Yredelemnul.
  3639 | D:4      | Reached skill level 5 in Unarmed Combat
  3928 | D:4      | Noticed a water elemental
  3929 | D:4      | Found a stormy altar of Qazlal.
  3936 | D:4      | Noticed an air elemental
  3936 | D:4      | Noticed a fire elemental
  3975 | D:4      | Noticed Menkaure
  3983 | D:4      | Killed Menkaure
  3983 | D:4      | Gained mutation: You have a pair of antennae on your head. [demonic ancestry]
  3983 | D:4      | Reached XP level 7. HP: 35/54 MP: 7/7
  4403 | D:4      | Found a staircase to the Ecumenical Temple.
  4473 | Temple   | Entered the Ecumenical Temple
  4728 | D:2      | Became a worshipper of Ru the Awakened
  4793 | D:5      | Entered Level 5 of the Dungeon
  4913 | D:5      | Reached skill level 6 in Unarmed Combat
  5812 | D:5      | Found a sacrificial altar of Ru.
  5818 | D:5      | Reached skill level 5 in Fighting
  5818 | D:5      | Gained mutation: When hurt, damage is shared between your health and your magic reserves. [demonic ancestry]
  5818 | D:5      | Reached XP level 8. HP: 50/62 MP: 8/8
  5910 | D:5      | Noticed Eustachio
  5941 | D:5      | Killed Eustachio
  5941 | D:5      | Reached skill level 7 in Unarmed Combat
  6080 | D:5      | Found Faweiban's Food Boutique.
  6203 | D:5      | Noticed Blork the orc
  6213 | D:5      | Killed Blork the orc
  6254 | D:5      | Reached skill level 5 in Throwing
  6416 | D:5      | Found a shimmering altar of Xom.
  6682 | D:6      | Found an iron altar of Okawaru.
  6720 | D:6      | You fall through a shaft for 2 floors!
  6852 | D:7      | Found Raekoll's Serpentskin Sales.
  6862 | D:7      | Reached skill level 8 in Unarmed Combat
  6942 | D:7      | Gained mutation: You are mostly covered in sharp spines. [demonic ancestry]
  6942 | D:7      | Reached XP level 9. HP: 49/69 MP: 6/9
  7238 | D:7      | Found a snail-covered altar of Cheibriados.
  7255 | D:7      | Gained mutation: You are hated by all. [Ru sacrifice]
  7255 | D:7      | Reached * piety under Ru
  7266 | D:7      | Found Jaturani's Jewellery Boutique.
  7298 | D:7      | Found a sparkling altar of Nemelex Xobeh.
  7299 | D:7      | Found a shattered altar of Ashenzari.
  7553 | D:7      | You fall through a shaft for 2 floors!
  7561 | D:9      | Found a staircase to the Orcish Mines.
  7667 | D:8      | Reached skill level 9 in Unarmed Combat
  8101 | D:6      | Found a hide-covered altar of Uskayaw.
  8210 | D:6      | Found Hautet's Humungous Hoard.
  8355 | D:6      | Noticed Chisa's ghost (novice HaAs)
  8374 | D:6      | Killed Chisa's ghost
  8472 | D:6      | Noticed Duvessa
  8489 | D:6      | Killed Duvessa
  8501 | D:6      | Noticed Dowan
  8513 | D:6      | Killed Dowan
  8513 | D:6      | Gained mutation: Your magical and physical power is slightly enhanced at high health. [demonic ancestry]
  8513 | D:6      | Reached XP level 10. HP: 73/79 MP: 8/10
  8951 | D:8      | Reached skill level 10 in Unarmed Combat
  9321 | D:8      | Gained mutation: You cannot be stealthy. [Ru sacrifice]
  9321 | D:8      | Reached ** piety under Ru
  9325 | D:8      | Found a sacrificial altar of Ru.
  9565 | D:8      | Found an opulent altar of Gozag.
  9824 | D:9      | Got a fine scarf
  9831 | D:9      | Identified the cursed scarf of the Secret Cities {+Fly} (You found it on level 9 of the Dungeon)
 10399 | D:9      | Noticed Maurice
 10419 | D:9      | Killed Maurice
 10584 | D:10     | Entered Level 10 of the Dungeon
 11246 | D:10     | Found a basalt altar of Yredelemnul.
 11466 | D:10     | Gained mutation: You cannot train Armour skill. [Ru sacrifice]
 11466 | D:10     | Reached *** piety under Ru
 11493 | D:10     | Reached skill level 11 in Unarmed Combat
 11606 | D:11     | Found Aruser's Antique Armour Boutique.
 11870 | D:11     | Noticed Chisa's ghost (journeyman HaAs)
 11939 | D:11     | Killed Chisa's ghost
 12031 | D:11     | Bought a pair of embroidered boots for 187 gold pieces
 12112 | D:11     | Noticed an unseen horror
 12113 | D:11     | Noticed Grum
 12114 | D:11     | Noticed a seven-headed hydra
 12124 | D:11     | Gained mutation: Your magical and physical power is enhanced at high health. [demonic ancestry]
 12124 | D:11     | Reached XP level 11. HP: 71/87 MP: 8/11
 12125 | D:11     | Killed an unseen horror
 12134 | D:11     | Killed a seven-headed hydra
 12471 | D:11     | Killed Grum
 12558 | D:11     | Noticed a two-headed ogre
 12568 | D:11     | Killed a two-headed ogre
 12943 | D:11     | Reached skill level 12 in Unarmed Combat
 12966 | D:11     | Noticed a seven-headed hydra
 12983 | D:11     | Found a staircase to the Lair.
 13600 | D:11     | Killed a seven-headed hydra
 14050 | D:12     | Noticed a skeletal warrior
 14051 | D:12     | Noticed a skeletal warrior
 14054 | D:12     | Noticed a skeletal warrior
 14056 | D:12     | Noticed a skeletal warrior
 14078 | D:10     | Killed a skeletal warrior
 14608 | D:11     | Killed a skeletal warrior
 14895 | D:12     | Reached skill level 10 in Fighting
 14974 | D:11     | Killed a skeletal warrior
 14974 | D:11     | Gained mutation: You are mostly covered in icy blue scales. (AC +3) [demonic ancestry]
 14974 | D:11     | Reached XP level 12. HP: 73/97 MP: 8/12
 15453 | D:12     | Reached skill level 13 in Unarmed Combat
 15866 | Lair:1   | Entered Level 1 of the Lair of Beasts
 15866 | Lair:1   | Found a frozen archway.
 15923 | IceCv    | Entered an ice cave
 17886 | Lair:1   | Noticed Prince Ribbit
 17930 | Lair:1   | Killed Prince Ribbit
 17930 | Lair:1   | Reached skill level 10 in Throwing
 18308 | Lair:1   | Noticed a four-headed hydra
 18319 | Lair:1   | Killed a four-headed hydra
 18586 | Lair:2   | Found a staircase to the Snake Pit.
 18619 | Lair:2   | Noticed Erica
 18627 | Lair:2   | Killed Erica
 18627 | Lair:2   | Reached skill level 14 in Unarmed Combat
 18862 | Lair:2   | Found a dark tunnel.
 18939 | Volcano  | Entered a volcano
 19796 | Volcano  | Found a burning altar of Makhleb.
 19813 | Volcano  | Gained mutation: You regenerate magic rapidly. [demonic ancestry]
 19813 | Volcano  | Reached XP level 13. HP: 67/106 MP: 6/13
 19816 | Volcano  | Killed from afar by a salamander mystic

Skill      XL: |  1  2  3  4  5  6  7  8  9 10 11 12 |
---------------+-------------------------------------+-----
Throwing       | 2 3 4 5 6 8 9 10 | 10.4
Unarmed Combat | 3 4 5 6 8 9 11 12 14 | 14.2
Fighting       | 3 4 5 6 7 8 10 11 | 11.1
Dodging        | |  2.6

Action                   |  1- 3 |  4- 6 |  7- 9 | 10-12 | 13-15 || total
-------------------------+-------+-------+-------+-------+-------++-------
Melee: Unarmed           |   126 |   168 |   383 |   749 |       ||  1426
       Punch             |       |     2 |    14 |    54 |       ||    70
Throw: Tomahawk          |       |       |    29 |     4 |       ||    33
       Throwing net      |       |       |       |     4 |       ||     4
Invok: Sacrifice Love    |       |       |     1 |       |       ||     1
       Sacrifice Stealth |       |       |       |     1 |       ||     1
       Sacrifice Durabil |       |       |       |     1 |       ||     1
       Draw Out Power    |       |       |       |     3 |       ||     3
       Reject Sacrifices |       |       |       |     1 |       ||     1
Evoke: Wand              |       |       |       |    13 |       ||    13
  Use: Scroll            |     2 |     7 |     3 |    15 |       ||    27
       Potion            |     1 |     2 |     2 |     9 |       ||    14
 Stab: Sleeping          |     2 |       |     1 |       |       ||     3
       Distracted        |       |       |     1 |     3 |       ||     4
       Invisible         |       |       |       |    11 |       ||    11
       Held in net/web   |       |       |       |     4 |       ||     4
  Eat: Chunk             |     2 |     8 |    14 |    27 |       ||    51
       Fruit             |       |       |       |     1 |       ||     1
       Royal jelly       |       |       |       |     2 |       ||     2
       Bread ration      |       |       |       |     1 |       ||     1
Armor: Leather armour    |    35 |    34 |    83 |   191 |       ||   343
       Skin              |       |       |    13 |       |       ||    13
Dodge: Dodged            |    89 |    84 |   150 |   332 |       ||   655
